 Dungeon Crawl Stone Soup version 0.31.0-12-g77e489cdc1 (webtiles) character file.

Game seed: 11677197791342598245

1968 Gadfly the Trooper (level 9, -5/93 HPs)
             Began as an Oni Berserker on Feb 23, 2024.
             Was a High Priest of Trog.
             Slain by an ogre
             ... wielding a +0 giant spiked club
              (19 damage)
             ... on level 6 of the Dungeon.
             The game lasted 00:11:16 (5943 turns).

Gadfly the Trooper (Oni Berserker)                  Turns: 5943, Time: 00:11:16

Health: -5/93      AC:  9    Str: 25    XL:     9   Next: 20%
Magic:  8/8        EV: 10    Int:  8    God:    Trog [*****.]
Gold:   256        SH:  0    Dex: 10    Spells: 8/8 levels left

rFire   . . .        a - +2 whip (venom)
rCold   . . .        (no shield)
rNeg    + . .        e - +1 animal skin
rPois   .            (helmet restricted)
rElec   .            (no cloak)
rCorr   .            (gloves unavailable)
SInv    +            (boots unavailable)
Will    .....        i - amulet of faith
Stlth   +            f - +4 ring of protection
HPRegen 0.35/turn    g - ring of positive energy
MPRegen 0.11/turn

%: faith
@: no status effects
A: large, unfitting armour, horns 1, tough skin 1, double potion healing,
drunken brawling, fangs 1, see invisible, low MP 1, shaggy fur 1
a: Renounce Religion, Berserk, Trog's Hand, Brothers in Arms


You were on level 6 of the Dungeon.
You worshipped Trog.
Trog was extremely pleased with you.
You visited 1 branch of the dungeon, and saw 6 of its levels.
You also visited: Sewer.

You collected 328 gold pieces.
You spent 72 gold pieces at shops.

Inventory:

Hand Weapons
 a - a +2 whip of venom (weapon)
 b - a +1 flail of protection
 k - a +0 morningstar
Armour
 e - a +1 animal skin (worn)
Jewellery
 f - a +4 ring of protection (left hand)
 g - a ring of positive energy (right hand)
 i - an amulet of faith (around neck)
Wands
 j - a wand of flame (16) (quivered)
Scrolls
 c - 6 scrolls of teleportation
 d - 5 scrolls of blinking
 o - a scroll of fear
 p - a scroll of identify
Potions
 h - 3 potions of curing
 l - 3 potions of mutation
 m - a potion of attraction
 n - a potion of ambrosia
 q - a potion of lignification {unknown}


   Skills:
 + Level 7.2 Fighting
 * Level 7.1 Maces & Flails
 * Level 5.4 Armour
 - Level 2.6 Dodging
 * Level 4.9 Evocations


You had 8 spell levels left.
You didn't know any spells.
Your spell library was empty.

Dungeon Overview and Level Annotations

Branches:
Dungeon (6/15)             Temple (0/1) D:6           Sewer (visited)

Altars:
Dithmenos
Yredelemnul
Zin

Shops:
D:3 :   D:5 ?


Innate Abilities, Weirdness & Mutations

You are too large for most types of armour.
You have a pair of small horns on your head.
You have tough skin. (AC +1)
You gain doubled healing and magic from potions.
Whenever you drink a healing potion, you attack all around you.
You have very sharp teeth.
You have supernaturally acute eyesight. (SInv)
Your magical capacity is low. (-10% MP)
You are covered in fur. (AC +1)


Message History

You hit the orc but do no damage.
The orc is poisoned.
You bite the orc.
You kill the orc!
Trog accepts your kill.
The iguana hisses angrily.
You hit the iguana.
The iguana is poisoned.
Your headbutt misses the iguana.
The iguana is lightly wounded.
The iguana barely misses you.
You are too injured to fight recklessly!
You are too injured to fight recklessly!
You are too injured to fight recklessly!
You are too injured to fight recklessly!
You are too injured to fight recklessly!
You are too injured to fight recklessly!
You are too injured to fight recklessly!
You are too injured to fight recklessly!
You are too injured to fight recklessly!
You are too injured to fight recklessly!
You hit the iguana but do no damage.
The iguana looks as sick as possible!
Your headbutt misses the iguana. Your bite misses the iguana.
The iguana is lightly wounded.
The iguana barely misses you.
You barely miss the iguana.
The iguana is moderately wounded.
The iguana bites you!
You whack the iguana! Your headbutt misses the iguana.
The iguana is severely wounded.
You hit the iguana.
You kill the iguana!
Trog accepts your kill.
You hit the ogre.
The ogre is poisoned.
The ogre is lightly wounded.
The ogre hits you with a +0 giant spiked club!!
* * * LOW HITPOINT WARNING * * *
You hit the ogre.
The ogre looks as sick as possible!
You headbutt the ogre.
The ogre is heavily wounded.
Things that are here:
a +0 orcbow; a centaur corpse The ogre attacks as it pursues you!
The ogre hits you with a +0 giant spiked club!!
You die...

) ..#......# # ###
#..##..# # #..
#..##..# ##
#.#o#......# .#
#########..O#......#
.#
###......##)#######'##
.#
#........#....#.....#
##
#........#...O#.....#
#
#........#..†@#..#..#
#
#........#....'.....#
##
#........######.....#
.#
#............########
.###...........##
..####.........#
..##...........#
.......######..##
.....### #...#


You could see an ogre (extremely poisoned).

Vanquished Creatures
  A troll (D:6)
  Grinder (D:3)
  An ice beast (D:4)
  A sky beast (D:6)
  A black bear (D:6)
  2 ogres
  3 centaurs (D:6)
  A kobold brigand (D:6)
  3 scorpions (D:5)
  2 bullfrogs (Sewer)
  An orc priest (D:3)
  A sleepcap (D:4)
  3 hounds (D:5)
  4 iguanas
  12 adders
  A shadow imp (D:5)
  13 dart slugs
  A ribbon worm (D:2)
  8 orcs
  9 ball pythons
  9 endoplasms
  18 giant cockroaches
  10 hobgoblins
  4 jackals
  7 quokkas
  A bat (D:1)
  13 frilled lizards
  4 goblins
  13 kobolds
  4 rats (D:1)
152 creatures vanquished.

Notes
Turn   | Place    | Note
-------+----------+-------------------------------------------
     0 | D:1      | Gadfly the Oni Berserker began the quest for the Orb.
     0 | D:1      | Reached XP level 1. HP: 24/24 MP: 1/1
    65 | D:1      | Reached XP level 2. HP: 32/32 MP: 2/2
   250 | D:1      | Reached ** piety under Trog
   251 | D:1      | Reached XP level 3. HP: 37/39 MP: 3/3
   318 | D:1      | Reached skill level 1 in Armour
   318 | D:1      | Reached skill level 1 in Evocations
   876 | D:2      | Reached XP level 4. HP: 45/49 MP: 4/4
  1504 | D:3      | Reached XP level 5. HP: 23/55 MP: 5/5
  1621 | D:3      | Found a shadowy altar of Dithmenos.
  1654 | D:3      | Found Uwnep's Book Shoppe.
  1732 | D:3      | Noticed Grinder
  1733 | D:3      | Paralysed by Grinder for 5 turns
  1757 | D:3      | Killed Grinder
  1758 | D:3      | Reached skill level 5 in Fighting
  1758 | D:3      | Reached XP level 6. HP: 63/66 MP: 6/6
  1909 | D:3      | Found a glowing silver altar of Zin.
  1915 | D:3      | Found a basalt altar of Yredelemnul.
  2610 | D:4      | Noticed an ice beast
  2656 | D:4      | Reached *** piety under Trog
  2779 | D:4      | Found a glowing drain.
  2797 | Sewer    | Entered a sewer
  3101 | Sewer    | Reached XP level 7. HP: 68/72 MP: 7/7
  3103 | Sewer    | Reached **** piety under Trog
  3121 | Sewer    | Reached skill level 5 in Maces & Flails
  3375 | Sewer    | Gained mutation: You have very sharp teeth. [potion of
                  | mutation]
  3375 | Sewer    | Gained mutation: You have supernaturally acute eyesight.
                  | (SInv) [potion of mutation]
  3375 | Sewer    | Gained mutation: Your magical capacity is low. (-10% MP)
                  | [potion of mutation]
  3375 | Sewer    | Gained mutation: You are covered in fur. (AC +1) [potion of
                  | mutation]
  4239 | D:5      | Entered Level 5 of the Dungeon
  4429 | D:5      | Reached XP level 8. HP: 44/83 MP: 7/7
  4579 | D:5      | Found The Oracle's Delphic Readings.
  4583 | D:5      | Bought a scroll of fear for 48 gold pieces
  4602 | D:5      | Bought a scroll of identify for 24 gold pieces
  5174 | D:6      | Found a staircase to the Ecumenical Temple.
  5806 | D:6      | Noticed a troll
  5830 | D:6      | Reached skill level 5 in Armour
  5885 | D:6      | Reached ***** piety under Trog
  5886 | D:6      | Reached XP level 9. HP: 80/93 MP: 8/8
  5931 | D:6      | Killed a troll
  5943 | D:6      | Slain by an ogre

Illustrated notes

Levels and vault maps discovered:
D:1:      minmay_arrival_semitransparent, layout_rooms,
          chequers_serial_rivers_micro_a, nrook_mini_backslash
D:2:      layout_rooms
D:3:      layout_rooms, jmf_multi_god_temple2, old_standard_altar, serial_shops,
          nicolae_shop_tiny_glass, fountainhead, serial_bayou_lagoon_b,
          uniq_grinder
D:4:      layout_cave_pods, portal_sewer_entry_f, minmay_hedge_maze,
          hangedman_decor_opposing
D:5:      layout_basic, eino_small_chamber_without_monster,
          nicolae_nh_oracle_at_delphi
D:6:      minmay_clustersquares, layout_cave_pods, minmay_temple_entry_wispy

Skill      XL: |  1  2  3  4  5  6  7  8  9 |
---------------+----------------------------+-----
Armour         | 1 2 3 5 |  5.4
Evocations     | 1 2 3 4 |  4.9
Maces & Flails | 4 5 6 7 |  7.1
Fighting       | 5 6 7 |  7.2
Dodging        | |  2.6

Action                     |  1- 3 |  4- 6 |  7- 9 || total
---------------------------+-------+-------+-------++-------
  Melee: Mace              |    99 |    32 |       ||   131
         Headbutt          |     8 |    28 |    35 ||    71
         Whip              |       |   150 |   177 ||   327
         Punch             |       |     2 |     3 ||     5
         Flail             |       |       |     6 ||     6
         Bite              |       |       |    20 ||    20
    Use: Scroll            |     4 |     6 |     5 ||    15
         Potion            |       |     1 |     1 ||     2
   Stab: Sleeping          |       |       |     1 ||     1
 Armour: Animal skin       |    75 |   140 |   144 ||   359
  Dodge: Dodged            |    78 |   108 |    93 ||   279
